 Dungeon Crawl Stone Soup version 0.32-a0-361-g289a535e89 (webtiles) character file.

Game seed: 3810151061956627827

25 ytrimaz the Trooper (level 3, -2/29 HPs)
             Began as a Coglin Berserker on Feb 19, 2024.
             Was a Follower of Trog.
             Frozen to death by an endoplasm (4 damage)
             ... on level 2 of the Dungeon.
             The game lasted 00:00:33 (659 turns).

ytrimaz the Trooper (Coglin Berserker)               Turns: 659, Time: 00:00:33

Health: -2/29      AC:  2    Str: 19    XL:     3   Next: 6%
Magic:  3/3        EV: 12    Int:  6    God:    Trog [*.....]
Gold:   8          SH:  0    Dex: 13    Spells: 2/2 levels left

rFire   . . .        a - +0 hand axe {Charoen}
rCold   . . .        (no shield)
rNeg    . . .        b - +0 animal skin
rPois   .            (no helmet)
rElec   .            (no cloak)
rCorr   .            (no gloves)
SInv    .            (no boots)
Will    .....        (no amulet)
Stlth   +            (no ring)
HPRegen 0.24/turn    (no ring)
MPRegen 0.08/turn

%: no passive effects
@: revved, stiff-legged, very slow
A: off-hand wielding, slow wielding, warmup strikes, warmup strides
a: Renounce Religion, Berserk


You were on level 2 of the Dungeon.
You worshipped Trog.
Trog was aware of your devotion.
You visited 1 branch of the dungeon, and saw 2 of its levels.

You collected 8 gold pieces.


Innate Abilities, Weirdness & Mutations

You can wield a second weapon in your off-hand.
It takes a long time for you to wield or remove held weapons.
Your first few attacks do less damage.
Your first movements take longer.


   Skills:
 + Level 3.4 Fighting
 + Level 3.3 Axes
 + Level 2.2 Armour
 - Level 1.8 Dodging


You had 2 spell levels left.
You didn't know any spells.
Your spell library was empty.

Inventory:

Hand Weapons
 a - a +0 hand axe (weapon) {Charoen}
Armour
 b - a +0 animal skin (worn)
Scrolls
 e - a scroll of summoning {unknown}
 f - a scroll of teleportation {unknown}
 h - a scroll of noise {unknown}
Potions
 c - a potion of curing {unknown}
 d - a potion of magic {unknown}
 g - a potion of haste {unknown}

Dungeon Overview and Level Annotations

Branches:
Dungeon (2/15) Zot: 11308

Altars:

#.# ..# ##
#.#
#.#.###.#
#..J#..#
##.#@..#
#.?##)#.#
.S...##..#
...#J.K....#
.# #.#####.#
# #.# #.#
#.#
#.#.#####
#.#


You could see an endoplasm.


Message History

No target in view!
No target in view!
A kobold comes into view.
It is wielding a +0 short sword. 😎 HP[+1]
Your hp is fully restored (24).
A kobold is nearby!
A kobold is nearby!
The kobold shouts!
A kobold comes into view. It is wielding a +0 short sword.
The kobold throws a stone.
The stone barely misses you.
An endoplasm comes into view.
The endoplasm quivers.
The kobold shouts!
The kobold throws a stone.
The stone barely misses you.
The kobold hits you with a +0 short sword. 😕 HP[-3]
You take 3 damage, and now have 21/24 hp.
You hit the kobold.
You kill the kobold!
Trog accepts your kill.
Things that are here:
a +0 short sword; 4 stones; a kobold corpse 😕 HP[+1]
An adder comes into view.
The adder hisses angrily.
The kobold throws a stone.
The stone closely misses you.
A hobgoblin comes into view.
You barely miss the kobold.
The hobgoblin shouts!
The kobold closely misses you. 😕 HP[+1]
You slash the kobold!
You kill the kobold!
Trog accepts your kill. The hobgoblin hits you.
Items here: ( )) †. 😕 HP[-1]
You take 1 damage, and now have 22/24 hp.
You hit the hobgoblin.
You kill the hobgoblin!
Trog accepts your kill. The adder misses you. 😕 HP[+1]
You hit the adder. The adder barely misses you.
You hit the adder but do no damage. The adder bites you. 😕 HP[-2]
You take 2 damage, and now have 21/24 hp.
You hit the adder. The adder bites you. The adder closely misses you. 😮 HP[-4]
You take 4 damage, and now have 17/24 hp.
You closely miss the adder. The adder bites you.
You are poisoned.
The adder poisons you! 😮 HP[-3]
You take 3 damage, and now have 14/24 hp.
You closely miss the adder.
You feel sick. The adder bites you.
* * * LOW HITPOINT WARNING * * *
The adder bites you.
* * * LOW HITPOINT WARNING * * *
😨 HP[-4]
You take 4 damage, and now have 10/24 hp.
You are too injured to fight recklessly!
You hit the adder.
You feel sick. The adder bites you.
* * * LOW HITPOINT WARNING * * *
😨 HP[-3]
You take 3 damage, and now have 7/24 hp.
Unknown command.
You hit the adder.
You feel sick. The adder barely misses you. The adder bites you.
* * * LOW HITPOINT WARNING * * *
You are too injured to fight recklessly! 😱 HP[-4]
You take 4 damage, and now have 3/24 hp.
You barely miss the adder.
You feel sick.
You are no longer poisoned.
The adder barely misses you.
Unknown command.
You hit the adder. The adder bites you.
* * * LOW HITPOINT WARNING * * *
The adder bites you but does no damage. 😱 HP[-2]
You take 2 damage, and now have 1/24 hp.
Unknown command.
You hit the adder.
You kill the adder!
Trog accepts your kill.
You have reached level 3!
Your experience leads to an increase in your attributes!
Increase (S)trength, (I)ntelligence, or (D)exterity?
You feel stronger. x2 😱 HP[+1] MP[+1]
You now have 29 max hp (+5).
Your mp is fully restored (3).
The endoplasm hits you but does no damage.
The endoplasm misses you.
You see here a +0 ring mail.
Unknown command.
You hit the endoplasm. The endoplasm freezes you.
You are frozen.
You die...

Skill      XL: |  1 |
---------------+----+-----
Armour         | 2 |  2.2
Fighting       | |  3.4
Axes           | |  3.3
Dodging        | |  1.8

Action                     || total
---------------------------++-------
  Melee: Hand axe          ||    33
 Armour: Animal skin       ||    22
  Dodge: Dodged            ||    23

Levels and vault maps discovered:
D:1:      dpeg_arrival_more_subterranean_lakeside_camping, layout_basic,
          shapermc_ecumenical_altar_gd, st_stairs_8
D:2:      layout_basic, st_stairs_8, hangedman_feature_mirror,
          minmay_pentomino_r4

Notes
Turn   | Place    | Note
-------+----------+-------------------------------------------
     0 | D:1      | ytrimaz the Coglin Berserker began the quest for the Orb.
     0 | D:1      | Reached XP level 1. HP: 18/18 MP: 1/1
     0 | D:1      | magus.rc [v1.9.6]
   110 | D:1      | Found a faded altar of an unknown god.
   245 | D:1      | Reached skill level 2 in Armour
   245 | D:1      | Reached XP level 2. HP: 24/24 MP: 2/2
   654 | D:2      | HP: 6/24 [poisoned by an adder]
   656 | D:2      | HP: 1/24 [adder (2)]
   658 | D:2      | Reached XP level 3. HP: 2/29 MP: 3/3
   659 | D:2      | Frozen to death by an endoplasm

Vanquished Creatures
  An adder (D:2)
  A giant cockroach (D:2)
  A goblin (D:1)
  A hobgoblin (D:2)
  A bat (D:1)
  4 kobolds
  A rat (D:1)
10 creatures vanquished.

Table legend:
 A = Non-vault XP
 B = Vault XP
 C = Vault XP percentage of total XP
 D = Non-vault monster count
 E = Vault monster count
 F = Vault count percentage of total count
                 A         B        C        D         E       F
            +---------+---------+-------+---------+---------+-------
      Total |      17 |      20 |  54.1 |       7 |       3 |  30.0
            +---------+---------+-------+---------+---------+-------
        D:1 |       9 |       3 |  25.0 |       4 |       1 |  20.0
        D:2 |       8 |      17 |  68.0 |       3 |       2 |  40.0
            +---------+---------+-------+---------+---------+-------

Skill      XL: |  1 |
---------------+----+-----
Armour         | 2 |  2.2
Fighting       | |  3.4
Axes           | |  3.3
Dodging        | |  1.8

Action                     || total
---------------------------++-------
  Melee: Hand axe          ||    33
 Armour: Animal skin       ||    22
  Dodge: Dodged            ||    23

Illustrated notes

Table legend:
 A = Kills in this place as a percentage of kills in the entire game.
 B = Kills by you in this place as a percentage of kills by you in the entire game.
 C = Kills by friends in this place as a percentage of kills by friends in the entire game.
 D = Other kills in this place as a percentage of other kills in the entire game.
 E = Experience gained in this place as a percentage of experience gained in the entire game.
 F = Experience gained in this place divided by the number of levels of this place that you have seen.
                   A       B       C       D       E      F
               +-------+-------+-------+-------+-------+----------------------
         Total | 100.0 | 100.0 |   N/A |   N/A | 100.0 |  18.5
       Dungeon | 100.0 | 100.0 |   N/A |   N/A | 100.0 |  18.5
               +-------+-------+-------+-------+-------+----------------------

Table legend: (Time is in decaauts)
 A = Elapsed time spent in this place.
 B = Non-inter-level travel time spent in this place.
 C = Inter-level travel time spent in this place.
 D = Time resting spent in this place.
 E = Time spent auto-exploring this place.
 F = Levels seen in this place.
 G = Mean time per level.
                   A        B        C        D        E       F      G
               +--------+--------+--------+--------+--------+-----+--------+
         Total |    690 |    661 |     29 |      0 |    552 |   2 |  345.0 |
       Dungeon |    690 |    661 |     29 |      0 |    552 |   2 |  345.0 |
               +--------+--------+--------+--------+--------+-----+--------+

Top non-repeatable levels by time:
     D:1: 641 daAuts
     D:2: 48 daAuts
